PCL
ALBUQUERQUE ISOTOPES @ SANTA MONICA BRUINS
08/14/2027
 
TOP OF THE 1ST
Albuquerque Isotopes batting - Pitching for Santa Monica Bruins : RHP Martín Ortíz
Pitching: RHP Martín Ortíz
Batting: RHB Miguel Monteagudo 0-0: Ball
1-0: Called Strike
1-1: Foul Ball, location: 2F
1-2: Strikes out swinging
Batting: LHB Bernardo Montés 0-0: Foul Ball, location: 2F
0-1: Ball
1-1: Foul Ball, location: 2F
1-2: Ball
2-2: DOUBLE (Flyball, 7LM)
Batting: LHB Bob Smith 0-0: Foul Ball, location: 2F
0-1: Ball
1-1: Ball
2-1: Ball
3-1: Fly out, F8 (Line Drive, 8LS)
Batting: LHB José González 0-0: Called Strike
0-1: Foul Ball, location: 2F
0-2: Ball
1-2: Foul Ball, location: 2F
1-2: Strikes out swinging
Top of the 1st over - 0 run(s), 1 hit(s), 0 error(s), 1 left on base; Albuquerque 0 - Santa Monica 0
BOTTOM OF THE 1ST
Santa Monica Bruins batting - Pitching for Albuquerque Isotopes : RHP Jesús Silva
Pitching: RHP Jesús Silva
Batting: LHB Francisco Medina 0-0: Ball
1-0: Ball
2-0: Ball
3-0: Called Strike
3-1: Called Strike
3-2: SINGLE (Flyball, 7S)
Batting: RHB Alfredo López 0-0: Ball
1-0: Swinging Strike
1-1: Ball
2-1: Called Strike
2-2: Ball
3-2: Foul Ball, location: 2F
3-2: Fly out, F9 (Flyball, 9LMF)
Batting: LHB Morgan Wright 0-0: Foul Ball, location: 2F
0-1: Ball
1-1: Ball
2-1: Foul Ball, location: 2F
2-2: Foul Ball, location: 2F
2-2: Ground out U3 (Groundball, 3S)
Francisco Medina to second
Batting: RHB Luis Martínez 0-0: Ball
1-0: Called Strike
1-1: Swinging Strike
1-2: Foul Ball, location: 2F
1-2: Foul Ball, location: 2F
1-2: SINGLE (Groundball, 56D)
Francisco Medina to third
Runner from 3rd tries for Home, SAFE, no throw
Batting: LHB Ramiro Martínez 0-0: SINGLE (Line Drive, 4)
Luis Martínez to second
Batting: LHB Ray Bryant 0-0: Ball
1-0: Ball
2-0: Swinging Strike
2-1: Foul Ball, location: 2F
2-2: Strikes out swinging
Bottom of the 1st over - 1 run(s), 3 hit(s), 0 error(s), 2 left on base; Albuquerque 0 - Santa Monica 1
TOP OF THE 2ND
Albuquerque Isotopes batting - Pitching for Santa Monica Bruins : RHP Martín Ortíz
Batting: RHB Roberto Tobías 0-0: Foul Ball, location: 2F
0-1: Swinging Strike
0-2: Ball
1-2: Fly out, F4 (Popup, 34)
Batting: RHB Alden Isenhood 0-0: Called Strike
0-1: Ball
1-1: Ball
2-1: Called Strike
2-2: Foul Ball, location: 2F
2-2: Ground out 4-3 (Groundball, 4)
Batting: RHB Víctor Solano 0-0: Ball
1-0: Ball
2-0: Called Strike
2-1: Foul Ball, location: 2F
2-2: Ball
3-2: Fly out, F6 (Popup, 56D)
Top of the 2nd over - 0 run(s), 0 hit(s), 0 error(s), 0 left on base; Albuquerque 0 - Santa Monica 1
BOTTOM OF THE 2ND
Santa Monica Bruins batting - Pitching for Albuquerque Isotopes : RHP Jesús Silva
Batting: SHB Adrián Nieto 0-0: Swinging Strike
0-1: Foul Ball, location: 2F
0-2: Strikes out looking
Batting: RHB Johnny Williams 0-0: Called Strike
0-1: Ball
1-1: SINGLE (Line Drive, 34)
Batting: RHB Bonifacio Torres 0-0: SINGLE (Line Drive, 6MD)
Johnny Williams to second
Johnny Williams to third
Batting: LHB Francisco Medina 0-0: Fly out, F8 (Line Drive, 8RD)
Runner from 3rd tags up, SCORES, no throw
Batting: RHB Alfredo López 0-0: Ball
1-0: Swinging Strike
1-1: Ball
2-1: Ball
3-1: Base on Balls
Bonifacio Torres to second
Batting: LHB Morgan Wright 0-0: Foul Ball, location: 2F
0-1: Ball
1-1: Swinging Strike
1-2: Ball
2-2: Fly out, F4 (Popup, 4M)
Bottom of the 2nd over - 1 run(s), 2 hit(s), 0 error(s), 2 left on base; Albuquerque 0 - Santa Monica 2
TOP OF THE 3RD
Albuquerque Isotopes batting - Pitching for Santa Monica Bruins : RHP Martín Ortíz
Batting: RHB Dave McGrath 0-0: Foul Ball, location: 2F
0-1: Ground out 6-3 (Groundball, 6)
Batting: LHB António De Los Ángeles 0-0: Fly out, F6 (Flyball, 6MD)
Batting: RHB Miguel Monteagudo 0-0: Called Strike
0-1: Ball
1-1: Ball
2-1: Foul Ball, location: 2F
2-2: Strikes out swinging
Top of the 3rd over - 0 run(s), 0 hit(s), 0 error(s), 0 left on base; Albuquerque 0 - Santa Monica 2
BOTTOM OF THE 3RD
Santa Monica Bruins batting - Pitching for Albuquerque Isotopes : RHP Jesús Silva
Batting: RHB Luis Martínez 0-0: Ball
1-0: Ball
2-0: Ball
3-0: Called Strike
3-1: Foul Ball, location: 2F
3-2: SINGLE (Line Drive, 8LS)
Batting: LHB Ramiro Martínez 0-0: Swinging Strike
0-1: Foul Ball, location: 2F
0-2: Ball
1-2: DOUBLE (Flyball, 89D)
Luis Martínez to third
Batting: LHB Ray Bryant 0-0: Ball
1-0: Fly out, F8 (Flyball, 8RD)
Runner from 3rd tags up, OUT at HOME
Ramiro Martínez to third
Batting: SHB Adrián Nieto 0-0: Ground out U3 (Groundball, 3L)
Bottom of the 3rd over - 0 run(s), 2 hit(s), 0 error(s), 1 left on base; Albuquerque 0 - Santa Monica 2
TOP OF THE 4TH
Albuquerque Isotopes batting - Pitching for Santa Monica Bruins : RHP Martín Ortíz
Batting: LHB Bernardo Montés 0-0: Ball
1-0: Ball
2-0: Called Strike
2-1: Foul Ball, location: 2F
2-2: Ball
3-2: Fly out, F9 (Flyball, 9S)
Batting: LHB Bob Smith 0-0: Called Strike
0-1: Foul Ball, location: 2F
0-2: Ball
1-2: Strikes out looking
Batting: LHB José González 0-0: Swinging Strike
0-1: Ball
1-1: Ground out U3 (Groundball, 3L)
Top of the 4th over - 0 run(s), 0 hit(s), 0 error(s), 0 left on base; Albuquerque 0 - Santa Monica 2
BOTTOM OF THE 4TH
Santa Monica Bruins batting - Pitching for Albuquerque Isotopes : RHP Jesús Silva
Batting: RHB Johnny Williams 0-0: Called Strike
0-1: Ball
1-1: Ball
2-1: Foul Ball, location: 2F
2-2: SINGLE (Groundball, 34D)
Batting: RHB Bonifacio Torres 0-0: DOUBLE (Groundball, 5L)
Johnny Williams to third
Runner from 3rd tries for Home, SAFE, no throw
Batting: LHB Francisco Medina 0-0: Ball
1-0: Ball
2-0: Ball
3-0: Base on Balls
Batting: RHB Alfredo López 0-0: Ground out 4-3 (Groundball, 4MS)
Bonifacio Torres to third
Francisco Medina to second
Batting: LHB Morgan Wright 0-0: Intentional Walk
Batting: RHB Luis Martínez 0-0: Swinging Strike
0-1: Ball
1-1: GRAND SLAM HOME RUN (Line Drive, 7LD), Distance : 345 ft
Pitching: RHP César De La Cruz
Batting: LHB Ramiro Martínez 0-0: Called Strike
0-1: Ground out 4-3 (Groundball, 4)
Batting: LHB Ray Bryant 0-0: Foul Ball, location: 2F
0-1: Ball
1-1: Ball
2-1: Foul Ball, location: 2F
2-2: Ball
3-2: Foul Ball, location: 2F
3-2: Base on Balls
Batting: SHB Adrián Nieto 0-0: Ball
1-0: DOUBLE (Groundball, 5L)
Ray Bryant to third
Runner from 3rd tries for Home, SAFE, no throw
Batting: RHB Johnny Williams 0-0: Ball
1-0: Ball
2-0: Ball
3-0: Base on Balls
Batting: RHB Bonifacio Torres 0-0: Ball
1-0: Ball
2-0: SINGLE (Groundball, 34D)
Adrián Nieto to third
Johnny Williams to second
Runner from 3rd tries for Home, SAFE, no throw
Batting: LHB Francisco Medina 0-0: Ball
1-0: Fly out, F9 (Flyball, 9)
Bottom of the 4th over - 7 run(s), 5 hit(s), 0 error(s), 2 left on base; Albuquerque 0 - Santa Monica 9
TOP OF THE 5TH
Albuquerque Isotopes batting - Pitching for Santa Monica Bruins : RHP Martín Ortíz
Batting: RHB Roberto Tobías 0-0: Ball
1-0: Ball
2-0: Ball
3-0: Base on Balls
Batting: RHB Alden Isenhood 0-0: Called Strike
0-1: Ball
1-1: Foul Ball, location: 2F
1-2: Ball
2-2: Foul Ball, location: 2F
2-2: Strikes out swinging
Batting: RHB Víctor Solano 0-0: Fly out, F7 (Flyball, 78D)
Batting: RHB Dave McGrath 0-0: SINGLE (Groundball, 6MD)
Roberto Tobías to second
Runner from 2nd tries for 3rd, SAFE, throw made to third
Dave McGrath to second
Batting: LHB António De Los Ángeles 0-0: Ground out 6-3 (Groundball, 6M)
Top of the 5th over - 0 run(s), 1 hit(s), 0 error(s), 2 left on base; Albuquerque 0 - Santa Monica 9
BOTTOM OF THE 5TH
Santa Monica Bruins batting - Pitching for Albuquerque Isotopes : RHP César De La Cruz
Batting: RHB Alfredo López 0-0: Foul Ball, location: 2F
0-1: Ball
1-1: DOUBLE (Line Drive, 7D)
Batting: LHB Morgan Wright 0-0: Called Strike
0-1: Ball
1-1: Ball
2-1: Foul Ball, location: 2F
2-2: 2-RUN HOME RUN (Line Drive, 9D), Distance : 351 ft
Pitching: RHP Juan Marín
Batting: RHB Luis Martínez 0-0: Swinging Strike
0-1: Called Strike
0-2: Ball
1-2: SOLO HOME RUN (Line Drive, 78XD), Distance : 407 ft
Batting: LHB Ramiro Martínez 0-0: Ball
1-0: Called Strike
1-1: Swinging Strike
1-2: Strikes out swinging
Batting: LHB Ray Bryant 0-0: Foul Ball, location: 2F
0-1: Called Strike
0-2: Ball
1-2: TRIPLE (Line Drive, 9LM)
Batting: SHB Adrián Nieto 0-0: Ball
1-0: Called Strike
1-1: Called Strike
1-2: Reached on error, E4 (Groundball, 4)
Ray Bryant scores
Batting: RHB Johnny Williams 0-0: Ball
Wild Pitch!
Adrián Nieto to second
1-0: Called Strike
1-1: Swinging Strike
1-2: Ball
2-2: Foul Ball, location: 2F
2-2: Strikes out swinging
Batting: RHB Bonifacio Torres 0-0: Fly out, F9 (Flyball, 9S)
Bottom of the 5th over - 4 run(s), 4 hit(s), 1 error(s), 1 left on base; Albuquerque 0 - Santa Monica 13
TOP OF THE 6TH
Albuquerque Isotopes batting - Pitching for Santa Monica Bruins : RHP Martín Ortíz
Batting: RHB Miguel Monteagudo 0-0: Called Strike
0-1: Swinging Strike
0-2: Ball
1-2: Ground out 4-3 (Groundball, 4M)
Batting: LHB Bernardo Montés 0-0: Ball
1-0: Called Strike
1-1: Foul Ball, location: 2F
1-2: Foul Ball, location: 2F
1-2: Fly out, F9 (Flyball, 9S)
Batting: LHB Bob Smith 0-0: Ball
1-0: Ball
2-0: Ground out 4-3 (Groundball, 4)
Top of the 6th over - 0 run(s), 0 hit(s), 0 error(s), 0 left on base; Albuquerque 0 - Santa Monica 13
BOTTOM OF THE 6TH
Santa Monica Bruins batting - Pitching for Albuquerque Isotopes : RHP Juan Marín
Batting: LHB Francisco Medina 0-0: Swinging Strike
0-1: Foul Ball, location: 2F
0-2: Strikes out swinging
Pinch Hitting: LHB Sammy Marshall 0-0: Ball
1-0: Called Strike
1-1: Fly out, F7 (Line Drive, 7D)
Batting: LHB Morgan Wright 0-0: Ball
1-0: Ball
2-0: Swinging Strike
2-1: Foul Ball, location: 2F
2-2: Foul Ball, location: 2F
2-2: Foul Ball, location: 2F
2-2: Ball
3-2: Base on Balls
Batting: RHB Luis Martínez 0-0: Foul Ball, location: 2F
0-1: Ball
1-1: Ball
2-1: Foul Ball, location: 2F
2-2: Ball
3-2: Base on Balls
Morgan Wright to second
Batting: LHB Ramiro Martínez 0-0: Called Strike
0-1: Foul Ball, location: 2F
0-2: Fielders Choice at 2nd, 4-6 (Groundball, 34)
Bottom of the 6th over - 0 run(s), 0 hit(s), 0 error(s), 1 left on base; Albuquerque 0 - Santa Monica 13
TOP OF THE 7TH
Albuquerque Isotopes batting - Pitching for Santa Monica Bruins : RHP Martín Ortíz
Now at 1B: Noriaki Sangi
Now in RF: Phil White
Batting: LHB José González 0-0: Foul Ball, location: 2F
0-1: Foul Ball, location: 2F
0-2: Foul Ball, location: 2F
0-2: Ball
1-2: Foul Ball, location: 2F
1-2: Foul Ball, location: 2F
1-2: Foul Ball, location: 2F
1-2: Foul Ball, location: 2F
1-2: Ground out U3 (Groundball, 34)
Batting: RHB Roberto Tobías 0-0: Swinging Strike
0-1: Swinging Strike
0-2: Strikes out swinging
Batting: RHB Alden Isenhood 0-0: Ground out 4-3 (Groundball, 4)
Top of the 7th over - 0 run(s), 0 hit(s), 0 error(s), 0 left on base; Albuquerque 0 - Santa Monica 13
BOTTOM OF THE 7TH
Santa Monica Bruins batting - Pitching for Albuquerque Isotopes : RHP Juan Marín
Pitching: RHP Mark Sanders
Batting: LHB Ray Bryant 0-0: Ball
1-0: Called Strike
1-1: SINGLE (Groundball, 6D)
Batting: SHB Adrián Nieto 0-0: Fly out, F4 (Line Drive, 4)
Batting: RHB Johnny Williams 0-0: Swinging Strike
0-1: Ball
1-1: Swinging Strike
1-2: Ball
2-2: Ball
3-2: Foul Ball, location: 2F
3-2: Foul Ball, location: 2F
3-2: SINGLE (Groundball, 6MD)
Ray Bryant to second
Batting: RHB Bonifacio Torres 0-0: Ball
1-0: Fly out, F3 (Popup, 34)
Batting: LHB Francisco Medina 0-0: Ball
1-0: Ground out 3-1 (Groundball, 34)
Bottom of the 7th over - 0 run(s), 2 hit(s), 0 error(s), 2 left on base; Albuquerque 0 - Santa Monica 13
TOP OF THE 8TH
Albuquerque Isotopes batting - Pitching for Santa Monica Bruins : RHP Martín Ortíz
Pitching: RHP Keith Harper
Now in LF: Francisco Castillo
Batting: RHB Víctor Solano 0-0: Called Strike
0-1: Called Strike
0-2: DOUBLE (Line Drive, 9LM)
Batting: RHB Dave McGrath 0-0: Called Strike
0-1: Ball
1-1: Foul Ball, location: 2F
1-2: Strikes out looking
Batting: LHB António De Los Ángeles 0-0: Called Strike
0-1: Ground out 6-3 (Groundball, 6M)
Víctor Solano to third
Batting: RHB Miguel Monteagudo 0-0: Ball
1-0: Ball
2-0: Foul Ball, location: 2F
2-1: Foul Ball, location: 2F
2-2: Ground out 5-3 (Groundball, 5S)
Top of the 8th over - 0 run(s), 1 hit(s), 0 error(s), 1 left on base; Albuquerque 0 - Santa Monica 13
BOTTOM OF THE 8TH
Santa Monica Bruins batting - Pitching for Albuquerque Isotopes : RHP Mark Sanders
Batting: RHB Phil White 0-0: Ball
1-0: Ball
2-0: Foul Ball, location: 2F
2-1: Foul Ball, location: 2F
2-2: Ground out 1-3 (Groundball, P)
Batting: LHB Morgan Wright 0-0: Called Strike
0-1: Ball
1-1: Foul Ball, location: 2F
1-2: Ball
2-2: SINGLE (Groundball, 4MD)
Batting: LHB Noriaki Sangi 0-0: Foul Ball, location: 2F
0-1: Swinging Strike
0-2: Ball
1-2: Foul Ball, location: 2F
1-2: Ball
2-2: Foul Ball, location: 2F
2-2: Foul Ball, location: 2F
2-2: Ball
3-2: DOUBLE (Line Drive, 9LM)
Morgan Wright to third
Batting: LHB Ramiro Martínez 0-0: Fly out, F7 (Flyball, 7LS)
Pinch Hitting: SHB Ken Hernández 0-0: Called Strike
0-1: Ground out 6-3 (Groundball, 6M)
Bottom of the 8th over - 0 run(s), 2 hit(s), 0 error(s), 2 left on base; Albuquerque 0 - Santa Monica 13
TOP OF THE 9TH
Albuquerque Isotopes batting - Pitching for Santa Monica Bruins : RHP Keith Harper
Now in LF: Ray Burgess
Batting: LHB Bernardo Montés 0-0: Called Strike
0-1: SINGLE (Line Drive, 4MD)
Batting: LHB Bob Smith 0-0: Ball
1-0: Ball
2-0: Ball
3-0: Base on Balls
Bernardo Montés to second
Batting: LHB José González 0-0: Called Strike
0-1: SINGLE (Flyball, 78S)
Bernardo Montés to third
Bob Smith to second
Batting: RHB Roberto Tobías 0-0: Ball
1-0: Ball
2-0: Ball
3-0: Base on Balls
Bernardo Montés scores
Bob Smith to third
José González to second
Batting: RHB Alden Isenhood 0-0: Called Strike
0-1: Ball
1-1: Ball
2-1: Swinging Strike
2-2: Foul Ball, location: 2F
2-2: Ball
3-2: Strikes out looking
Batting: RHB Víctor Solano 0-0: Single, Error in OF, E9, batter to second base
Bob Smith scores
José González scores
Roberto Tobías to third
Pitching: RHP Carlos Rangel
Batting: RHB Dave McGrath 0-0: Ball
1-0: Foul Ball, location: 2F
1-1: SINGLE (Groundball, 4MD)
Roberto Tobías scores
Víctor Solano to third
Runner from 3rd tries for Home, SAFE, no throw
Batting: LHB António De Los Ángeles 0-0: Ball
1-0: Called Strike
1-1: Grounds into double play, 5-4-3 (Groundball, 56D)
Top of the 9th over - 5 run(s), 4 hit(s), 1 error(s), 0 left on base; Albuquerque 5 - Santa Monica 13
Thursday, March 30th, 2017 - OOTP Baseball 17.12 Build 75